 Dungeon Crawl Stone Soup version 0.29.0 (webtiles) character file.

Game seed: 9251360468446644290

195 mattm the Trooper (level 5, 0/52 HPs)
             Began as a Hill Orc Cinder Acolyte on Sept 11, 2022.
             Was a High Priest of Ignis.
             Slain by a gnoll
             ... wielding a +0 club
              (2 damage)
             ... on level 4 of the Dungeon.
             The game lasted 00:04:57 (3581 turns).

mattm the Trooper (Hill Orc Cinder Acolyte)         Turns: 3581, Time: 00:04:57

Health: 0/52       AC: 12    Str: 19    XL:     5   Next: 74%
Magic:  6/6        EV: 10    Int: 14    God:    Ignis [*****.]
Gold:   178        SH:  0    Dex:  6    Spells: 6/6 levels left

rFire   + . .      SeeInvis .   u - +0 hand axe
rCold   . . .      Faith    .   (no shield)
rNeg    . . .      Spirit   .   g - +0 ring mail
rPois   +          Reflect  .   (no helmet)
rElec   .          Harm     .   (no cloak)
rCorr   +          Rampage  .   (no gloves)
Will    .....                   (no boots)
Stlth   ..........              (no amulet)
HPRegen 0.17/turn               h - ring of resist corrosion
MPRegen 0.10/turn               p - ring of poison resistance

@: fiery-armoured
A: no striking features
a: Renounce Religion, Fiery Armour, Foxfire Swarm, Rising Flame


You were on level 4 of the Dungeon.
You worshipped Ignis.
Ignis was extremely pleased with you.
You visited 1 branch of the dungeon, and saw 4 of its levels.

You collected 178 gold pieces.

Inventory:

Hand Weapons
 a - a -1 hand axe of flaming
 u - a +0 hand axe (weapon)
Armour
 b - a +0 robe
 g - a +0 ring mail (worn)
Jewellery
 h - a ring of resist corrosion (left hand)
 i - a +6 ring of intelligence
 p - a ring of poison resistance (right hand)
Wands
 o - a wand of flame (20)
 w - a wand of charming (3)
Scrolls
 d - 2 scrolls of butterflies {unknown}
 l - a scroll of magic mapping {unknown}
 m - a scroll of enchant armour {unknown}
 n - a scroll of summoning {unknown}
 r - 2 scrolls of teleportation {unknown}
 s - 2 scrolls of fear {unknown}
 v - a scroll of noise {unknown}
Potions
 c - a potion of cancellation {unknown}
 e - a potion of heal wounds
 j - a potion of curing
 k - 3 potions of haste
 q - a potion of flight {unknown}
 t - a potion of ambrosia {unknown}


   Skills:
 + Level 7.5 Fighting
 - Level 4.0 Axes
 - Level 1.0 Spellcasting
 - Level 3.2 Fire Magic


You had 6 spell levels left.
You didn't know any spells.
Your spell library contained the following spells:

 Spells                   Type           Power      Damage    Failure   Level
 Scorch                   Fire           18%        2d6       19%         2
 Summon Small Mammal      Summ           0%         N/A       41%         1
 Call Canine Familiar     Summ           0%         N/A       80%         3
 Ozocubu's Armour         Ice            0%         N/A       80%         3
 Summon Guardian Golem    Hex/Summ       0%         N/A       80%         3
 Anguish                  Hex/Necr       0%         N/A       99%         4
 Metabolic Englaciation   Hex/Ice        0%         N/A       100%        5
 Simulacrum               Ice/Necr       0%         N/A       100%        6
 Enfeeble                 Hex            0%         N/A       100%        7


Dungeon Overview and Level Annotations

Branches:
Dungeon (4/15)
 Temple: D:4-7

Altars:
Fedhas
Wu Jian


Message History

The gnoll hits you from afar with a +0 spear.
The gnoll barely misses you.
You hit the gnoll but do no damage.
The gnoll is moderately wounded.
The gnoll hits you with a +0 club. The gnoll closely misses you.
You barely miss the gnoll.
The gnoll is moderately wounded.
The gnoll barely misses you.
The gnoll hits you from afar with a +0 spear.
You barely miss the gnoll.
The gnoll is moderately wounded.
The gnoll hits you from afar with a +0 spear.
The gnoll completely misses you.
You hit the gnoll.
The gnoll is severely wounded.
The gnoll hits you with a +0 club.
The gnoll hits you from afar with a +0 spear.
You hit the gnoll.
The gnoll is almost dead.
The gnoll hits you from afar with a +0 spear.
* * * LOW HITPOINT WARNING * * *
The gnoll hits you with a +0 club.
* * * LOW HITPOINT WARNING * * *
You slash the gnoll!
You kill the gnoll!
The gnoll hits you from afar with a +0 spear!
* * * LOW HITPOINT WARNING * * *
A protective cloak of flame settles atop you.
The gnoll misses you. The gnoll hits you but does no damage.
The gnoll is burned by your cloak of flames.
The gnoll is moderately wounded.
You hit the gnoll.
The gnoll is moderately wounded.
The gnoll closely misses you. x2
You completely miss the gnoll.
The gnoll is moderately wounded.
The gnoll hits you from afar with a +0 spear.
* * * LOW HITPOINT WARNING * * *
The gnoll hits you with a +0 club.
You die...

#........# ........#
#...... .......#
#......# ......#
#.....?# ...(. #......#
.g. #......# #g#
#......# #@# #
#^...########.######....
#..).))...............
#.#..###..####..###..###
####.#..#
#..#####.....##
.....##.###.[.(.....####
......#.......#####...#
.........#...## ....#
.........<..... ##..#


You could see 2 gnolls.

Vanquished Creatures
  A hound (D:3)
  9 gnolls
  An adder (D:3)
  A white imp (D:3)
  2 dart slugs
  2 orcs (D:3)
  3 endoplasms
  2 giant cockroaches (D:1)
  4 goblins
  7 hobgoblins
  6 jackals
  A quokka (D:3)
  2 ball pythons
  4 bats
  5 frilled lizards
  7 kobolds
  3 rats
60 creatures vanquished.

Notes
Turn   | Place    | Note
-------+----------+-------------------------------------------
     0 | D:1      | mattm the Hill Orc Cinder Acolyte began the quest for the
                  | Orb.
     0 | D:1      | Reached XP level 1. HP: 19/19 MP: 2/2
   223 | D:1      | Reached skill level 4 in Fighting
   545 | D:1      | Reached XP level 2. HP: 23/27 MP: 3/3
  1269 | D:2      | Found a faded altar of an unknown god.
  1491 | D:2      | Reached skill level 5 in Fighting
  1491 | D:2      | Reached XP level 3. HP: 35/36 MP: 4/4
  1560 | D:2      | Found an ornate altar of the Wu Jian Council.
  1901 | D:3      | Reached XP level 4. HP: 19/44 MP: 5/5
  1903 | D:3      | Reached skill level 6 in Fighting
  2933 | D:3      | Found a blossoming altar of Fedhas.
  2949 | D:3      | Reached XP level 5. HP: 39/51 MP: 6/6
  3247 | D:3      | Reached skill level 7 in Fighting
  3581 | D:4      | HP: 2/52 [gnoll/+0 spear (3)]
  3581 | D:4      | Slain by a gnoll

Illustrated notes

Levels and vault maps discovered:
D:1:      nicolae_arrival_somewhat_less_tricky_arrival, layout_basic,
          serial_park_tiny_pond, minmay_pentomino_p2
D:2:      layout_basic, basic_ecumenical_altar, basic_altar,
          chequers_serial_rivers_micro_a, nicolae_concentric_dashed_squares_wild
D:3:      layout_loops_ring, fedhas_altar_fruit_tree
D:4:      layout_rooms, kennysheep_mini, serial_shops, kennysheep_mini_moat

Skill      XL: |  1  2  3  4  5 |
---------------+----------------+-----
Fighting       | 4 5 6 7 |  7.5
Axes           | |  4.0
Spellcasting   | |  1.0
Fire Magic     | |  3.2

Action                   |  1- 3 |  4- 6 || total
-------------------------+-------+-------++-------
Melee: Hand axe          |   103 |   117 ||   220
       Punch             |     1 |     1 ||     2
Invok: Fiery Armour      |     1 |     1 ||     2
  Use: Scroll            |       |     4 ||     4
Armor: Ring mail         |    49 |    30 ||    79
       Robe              |     2 |       ||     2
Dodge: Dodged            |    79 |    85 ||   164
